 Dungeon Crawl Stone Soup version 0.20-a0-957-g47ad1fd (webtiles) character file.

6452 MrRokkomies the Fighter (level 10, 0/77 HPs)
             Began as an Octopode Venom Mage on Apr 5, 2017.
             Was a Follower of Hepliaklqana.
             Slain by a harpy zombie (5 damage)
             ... on level 10 of the Dungeon.
             The game lasted 00:31:30 (9855 turns).

MrRokkomies the Fighter (Octopode Venom Mage)       Turns: 9855, Time: 00:31:30

Health: 0/77       AC:  1    Str:  9    XL:     10   Next: 99%
Magic:  13/13      EV: 19    Int: 20    God:    Hepliaklqana [*.....]
Gold:   406        SH:  0    Dex: 16    Spells: 7/13 levels left

rFire    . . .     SeeInvis .   e - +2 long sword (venom)
rCold    . . .     Gourm    .   (no shield)
rNeg     . . .     Faith    .   (helmet restricted)
rPois    +         Spirit   .   (no amulet)
rElec    .         Reflect  .   r - +4 ring of dexterity
rCorr    .         Harm     .   f - ring of stealth
MR       +....                  p - ring of poison resistance
Stlth    ++++......             w - +5 ring of evasion
Regen    0.3/turn               (no ring)
MPRegen  0.2/turn               (no ring)
                                (no ring)
                                (no ring)

@: very slightly contaminated
A: almost no armour, stealthy swim, amphibious, 8 rings, constrict 8, reduced
essence, camouflage 1, magic resistance 1, robust 1, gelatinous body 1
a: Recall Ancestor, Ancestor Identity, Renounce Religion


You were on level 10 of the Dungeon.
You worshipped Hepliaklqana.
Hepliaklqana was aware of your devotion.
You were hungry.

You visited 2 branches of the dungeon, and saw 11 of its levels.

You collected 406 gold pieces.

Inventory:

Hand Weapons
 e - a +2 long sword of venom (weapon)
 y - a +0 blowgun
Missiles
 m - 14 tomahawks (quivered)
 x - 24 poisoned needles
 A - 3 throwing nets
Jewellery
 f - a ring of stealth (right tentacle)
 p - a ring of poison resistance (on tentacle)
 r - a +4 ring of dexterity (left tentacle)
 w - a +5 ring of evasion (on tentacle)
 E - a +5 amulet of reflection {unknown}
Wands
 u - a wand of flame (31/48)
 C - a wand of iceblast (9/15)
 G - a wand of acid (10/15)
 I - a wand of acid (10/15)
 M - a wand of iceblast (9/15)
Scrolls
 h - 5 scrolls of remove curse
 i - a scroll of blinking
 D - a scroll of teleportation
 J - 4 scrolls of identify
 K - a scroll of fog
Potions
 c - a potion of invisibility
 j - 3 potions of flight
 k - 2 potions of haste
 l - 2 potions of magic
 n - a potion of lignification
 q - a potion of brilliance {unknown}
 s - 11 potions of curing
 t - a potion of berserk rage {unknown}
 v - a potion of ambrosia {unknown}
 z - 2 potions of agility {unknown}
 B - a potion of heal wounds {unknown}
 F - 2 potions of might {unknown}
 H - a potion of cancellation {unknown}
Books
 a - a Young Poisoner's Handbook

   Spells                             Type                      Level
   a - Sting                          Conjuration/Poison           1
   b - Poisonous Vapours              Poison/Air                   2
   c - Mephitic Cloud                 Conjuration/Poison/Air       3
   d - Olgreb's Toxic Radiance        Poison                       4
   e - Venom Bolt                     Conjuration/Poison           5
 L - a book of Conjurations

   Spells                             Type                      Level
   a - Magic Dart                     Conjuration                  1
   b - Searing Ray                    Conjuration                  2
   c - Dazzling Spray                 Conjuration/Hexes            3
   d - Fulminant Prism                Conjuration/Hexes            4
   e - Force Lance                    Conjuration/Translocation    4
   f - Iskenderun's Mystic Blast      Conjuration                  4
Comestibles
 b - 7 bread rations
 d - 9 meat rations
 g - 5 fruits
 o - 4 royal jellies


   Skills:
 - Level 10.4 Fighting
 * Level 9.3 Long Blades
 * Level 2.0 Dodging
 - Level 2.6 Stealth
 - Level 2.0 Spellcasting
 - Level 1.0 Conjurations
 - Level 6.3 Air Magic
 - Level 7.2 Poison Magic


You had 7 spell levels left.
You knew the following spells:

 Your Spells              Type           Power        Failure   Level  Hunger
a - Sting                 Conj/Pois      ###.         2%          1    #......
b - Poisonous Vapours     Pois/Air       ####..       1%          2    ##.....
c - Mephitic Cloud        Conj/Pois/Air  ###.....     10%         3    ###....


Dungeon Overview and Level Annotations

Branches:
Dungeon (10/15)            Temple (1/1) D:6            Lair (0/6) D:9
    Orc: D:9-12

Altars:
Ashenzari
Cheibriados
Dithmenos
Elyvilon
Fedhas
Gozag
Hepliaklqana
Kikubaaqudgha
Makhleb
Nemelex Xobeh
Okawaru
Qazlal
Ru
Sif Muna
Trog
Uskayaw
Vehumet
Wu Jian
Xom
Yredelemnul
Zin
The Shining One

Shops:
D:4 *   D:5 *   D:9 (


Innate Abilities, Weirdness & Mutations

You cannot wear most types of armour.
You are very stealthy in the water. (Stealth+)
You are amphibious.
You can wear up to eight rings at the same time.
You can use your tentacles to constrict eight enemies at once.
Your skin changes colour to match your surroundings (Stealth+).
Your rubbery body absorbs attacks. (AC +1, EV +1)
Your life essence is reduced. (-10% HP)
You are resistant to hostile enchantments. (MR+)
You are robust. (+10% HP)


Message History

The harpy zombie is heavily damaged.
The harpy zombie closely misses you.
The harpy zombie claws you but does no damage.
The harpy zombie closely misses you.
A howler monkey skeleton comes into view.
Okay, then.
Unknown command.
Blink to where?
Press: ? - help, Dir - move target cursor You lose your grip on something.
As you read the scroll of blinking, it crumbles to dust.
The harpy zombie closely misses you.
You riposte.
You hit the harpy zombie. You grab the harpy zombie.
The harpy zombie is severely damaged.
The harpy zombie claws you!
* * * LOW HITPOINT WARNING * * *
There is a stone staircase leading down here.
You release your grip on the harpy zombie.
The harpy zombie closely misses you. The harpy zombie claws you.
You die...

#PP..5....# #.# #.##JR# ..# ..#
### #.# #4W.W## ##..#.... #..
..###Z#### #...#... . #### #.#
#.#..§# #.#.#..#.# ..# #.#
#.#Z### #.#.#..#.# #.# #.# #.#.#
#.#.#..... ##.###.#
#.#Z##########......#
##...##.###.#..Z@.....÷.......#
......).).......########......#
##...###.)...)..# #.#.#..## ##.##
#.#####..########.#.....## #.#
#.# #...........###.....
##.####.# #.########### #.#.##
#.......# #.#############.#.##
##..##########.##..........#.....
........(...##.##.########.###.##


You could see a harpy zombie and a centaur warrior zombie.

Vanquished Creatures
  Grinder (D:6)
  3 hippogriffs
  A water moccasin (D:7)
  Duvessa (D:7)
  4 ice beasts
  A sky beast (D:7)
  A phantom (D:8)
  3 orc warriors
  A necrophage (D:6)
  3 ogres
  3 centaurs
  3 bullfrogs
  2 big kobolds
  4 scorpions
  9 killer bees
  2 howler monkeys (D:10)
  A crimson imp (D:7)
  2 jellies (D:9)
  3 hounds (D:8)
  6 orc priests
  2 bullfrog skeletons
  2 centaur skeletons (D:5)
  2 orc wizards
  5 worker ants
  An iguana (D:7)
  A hound zombie (D:7)
  A worker ant zombie (D:7)
  2 hound skeletons
  3 gnolls (D:7)
  5 adders
  4 shadow imps
  2 adder zombies
  An adder skeleton (D:5)
  2 worms
  8 leopard geckos
  28 orcs
  5 giant cockroaches
  5 goblins
  12 hobgoblins
  11 jackals
  17 kobolds
  3 quokkas
  3 ball pythons
  6 bats
  5 frilled lizards
  A leopard gecko skeleton (D:8)
  A quokka skeleton (D:7)
  9 rats
201 creatures vanquished.

Vanquished Creatures (collateral kills)
  2 two-headed ogres
  Prince Ribbit (D:10)
  A water moccasin (D:7)
  An orc warrior (D:9)
  2 ice beasts
  Dowan (D:7)
  A scorpion (D:6)
  A killer bee (D:10)
  A centaur zombie (D:9)
  An orc priest (D:7)
  A bullfrog skeleton (D:6)
  A gnoll (D:7)
  4 orcs
  3 kobolds
21 creatures vanquished.

Vanquished Creatures (others)
  A bullfrog skeleton (D:8)
  3 ancestors
4 creatures vanquished.

Grand Total: 226 creatures vanquished

Notes
Turn   | Place    | Note
-------+----------+-------------------------------------------
     0 | D:1      | MrRokkomies the Octopode Venom Mage began the quest for the Orb.
     0 | D:1      | Reached XP level 1. HP: 11/11 MP: 3/3
   636 | D:1      | Reached XP level 2. HP: 17/17 MP: 5/5
  1032 | D:1      | Learned a level 2 spell: Poisonous Vapours
  1168 | D:1      | Reached skill level 5 in Poison Magic
  1168 | D:1      | Reached XP level 3. HP: 15/21 MP: 1/6
  1604 | D:2      | Found a blossoming altar of Fedhas.
  1780 | D:2      | Learned a level 3 spell: Mephitic Cloud
  2367 | D:2      | Reached skill level 1 in Air Magic
  2389 | D:2      | Found a shimmering altar of Xom.
  2434 | D:2      | Reached XP level 4. HP: 26/27 MP: 7/7
  2643 | D:3      | Found a shadowy altar of Dithmenos.
  2723 | D:3      | Reached XP level 5. HP: 13/31 MP: 0/8
  3021 | D:3      | Gained mutation: You are resistant to hostile enchantments. (MR+) [potion of mutation]
  3021 | D:3      | Gained mutation: You are robust. (+10% HP) [potion of mutation]
  3515 | D:4      | Found Haocram's Assorted Antiques.
  3578 | D:4      | Reached XP level 6. HP: 39/39 MP: 5/9
  4029 | D:5      | Entered Level 5 of the Dungeon
  4055 | D:5      | Found Ditsixoj's General Store.
  4242 | D:5      | You fall through a shaft for 2 floors!
  4260 | D:7      | Noticed a sky beast
  4268 | D:7      | Killed a sky beast
  4402 | D:7      | Noticed a water moccasin
  4492 | D:7      | Noticed Prince Ribbit
  4510 | D:7      | Noticed a hippogriff
  4558 | D:7      | Reached skill level 1 in Fighting
  4558 | D:7      | Reached XP level 7. HP: 47/47 MP: 5/10
  4566 | D:7      | Killed a hippogriff
  4566 | D:7      | Reached skill level 2 in Fighting
  4566 | D:7      | Reached skill level 5 in Air Magic
  4616 | D:6      | Reached skill level 3 in Fighting
  5483 | D:6      | Found a staircase to the Ecumenical Temple.
  5491 | Temple   | Entered the Ecumenical Temple
  5591 | Temple   | Became a worshipper of Hepliaklqana the Forgotten
  5646 | D:6      | Reached XP level 8. HP: 54/54 MP: 11/11
  5663 | D:6      | Noticed Grinder
  5674 | D:6      | Killed Grinder
  5674 | D:6      | Reached skill level 4 in Fighting
  5695 | D:6      | Reached skill level 1 in Long Blades
  5698 | D:6      | Reached skill level 5 in Fighting
  5763 | D:6      | Found a stormy altar of Qazlal.
  5970 | D:6      | Found a basalt altar of Yredelemnul.
  6112 | D:6      | Reached skill level 6 in Fighting
  6112 | D:6      | Reached XP level 9. HP: 30/62 MP: 3/12
  6417 | D:7      | Noticed Duvessa
  6417 | D:7      | Noticed Dowan
  6429 | D:7      | Killed Duvessa
  6433 | D:7      | Killed Dowan
  6476 | D:7      | Reached skill level 5 in Long Blades
  6647 | D:7      | Reached skill level 7 in Fighting
  7238 | D:7      | Found an ornate altar of the Wu Jian Council.
  7721 | D:8      | Found an ancient bone altar of Kikubaaqudgha.
  7753 | D:8      | Reached skill level 8 in Fighting
  7800 | D:8      | Reached XP level 10. HP: 32/72 MP: 10/13
  8175 | D:8      | Found a sacrificial altar of Ru.
  8506 | D:9      | Reached * piety under Hepliaklqana
  8540 | D:9      | Reached skill level 9 in Fighting
  8563 | D:9      | Found Adaolius's Weapon Emporium.
  8739 | D:9      | Found a staircase to the Lair.
  9050 | D:9      | Noticed a two-headed ogre
  9056 | D:9      | Killed a two-headed ogre
  9304 | D:10     | Entered Level 10 of the Dungeon
  9623 | D:10     | Killed Prince Ribbit
  9623 | D:10     | Reached skill level 10 in Fighting
  9783 | D:10     | Noticed a two-headed ogre
  9790 | D:10     | Killed a two-headed ogre
  9855 | D:10     | Slain by a harpy zombie

Vault maps used:
D:1:      dpeg_arrival_rooms_with_view
D:2:      overflow_temple_1_default, fedhas_altar_1
D:3:      nicolae_dithmenos_shadow_blocks, first_bread
D:4:      serial_shops, shop
D:5:      minmay_opposing_rooms, serial_shops, shop
D:6:      overflow_temple_1_default, minmay_temple_entry_glassed_door,
          yredelemnul_altar_generic, uniq_grinder
D:7:      nicolae_overflow_hidden_temple, uniq_duvessa, uniq_prince_ribbit1
D:8:      overflow_temple_1_default, basic_altar, grunt_ogre_cave, st_stairs_9
D:9:      lair_entry_dummy, serial_shops,
          nicolae_shop_temple_entry_statues_fountains
D:10:     cheibrodos_grave_circle, orc_0_dummy
Temple:   eino_temple_scatter_basement

Skill      XL: |  1  2  3  4  5  6  7  8  9 10 |
---------------+-------------------------------+-----
Poison Magic   | 4 5 6 7 |  7.2
Air Magic      | 1 2 3 4 5 6 |  6.3
Fighting       | 1 3 6 8 10 | 10.4
Long Blades    | 3 6 9 |  9.3
Dodging        | |  2.0
Stealth        | |  2.6
Spellcasting   | |  2.0
Conjurations   | |  1.0

Action                   |  1- 3 |  4- 6 |  7- 9 | 10-12 || total
-------------------------+-------+-------+-------+-------++-------
Melee: Unarmed           |    15 |       |       |       ||    15
       Constrict         |    18 |    14 |    48 |    27 ||   107
       Spear             |    64 |     3 |       |       ||    67
       Tentacles         |     9 |     8 |    42 |    29 ||    88
       Short sword       |       |    28 |       |       ||    28
       Long sword        |       |    24 |   158 |   100 ||   282
Throw: Tomahawk          |       |     1 |    10 |       ||    11
 Cast: Sting             |    16 |       |     2 |       ||    18
       Poisonous Vapours |     8 |    21 |    44 |    25 ||    98
       Mephitic Cloud    |       |       |       |     1 ||     1
Invok: Recall Ancestor   |       |       |     1 |       ||     1
Evoke: Wand              |       |       |     5 |       ||     5
  Use: Scroll            |       |     9 |    11 |     3 ||    23
       Potion            |       |     1 |       |       ||     1
 Stab: Sleeping          |     4 |     9 |     4 |     6 ||    23
       Distracted        |       |       |     1 |     1 ||     2
  Eat: Chunk             |     5 |     8 |    13 |     8 ||    34
Armor: Skin              |     9 |     8 |    28 |    11 ||    56
Dodge: Dodged            |    64 |    36 |   182 |   128 ||   410
       Rpst.: Long sword |       |     6 |    50 |    29 ||    85
